 Dungeon Crawl Stone Soup version 0.25-a0-566-g062765be81 (webtiles) character file.

Game seed: 6435674221397461920, levelgen mode: deterministic

2525 Leibowitz the Carver (level 9, -5/77 HPs)
             Began as a Minotaur Fighter on Feb 27, 2020.
             Was a Priest of Okawaru.
             Killed from afar by a steam dragon (18 damage)
             ... with a ball of steam
             ... on level 7 of the Dungeon.
             The game lasted 00:16:33 (5585 turns).

Leibowitz the Carver (Minotaur Fighter)             Turns: 5585, Time: 00:16:34

Health: -5/77      AC: 10    Str: 25    XL:     9   Next: 29%
Magic:  8/8        EV: 10    Int:  5    God:    Okawaru [***...]
Gold:   162        SH: 11    Dex: 11    Spells: 8/8 levels left

rFire    . . .     SeeInvis .   a - +0 long sword
rCold    . . .     Gourm    +   c - +0 kite shield
rNeg     . . .     Faith    .   b - +0 scale mail
rPois    .         Spirit   .   (helmet restricted)
rElec    .         Reflect  .   (no cloak)
rCorr    .         Harm     .   (no gloves)
MR       .....                  C - +1 pair of boots {Stlth+}
Stlth    +.........             E - amulet of the gourmand
HPRegen  0.22/turn              r - +2 ring of dexterity
MPRegen  0.11/turn              x - ring of wizardry

@: no status effects
A: retaliatory headbutt, horns 2
a: Heroism, Renounce Religion


You were on level 7 of the Dungeon.
You worshipped Okawaru.
Okawaru was most pleased with you.
You were completely stuffed.

You visited 1 branch of the dungeon, and saw 7 of its levels.

You collected 334 gold pieces.
You spent 172 gold pieces at shops.

Inventory:

Hand Weapons
 a - a +0 long sword (weapon)
 w - the +8 demon trident "Rift" {distort, reach+}
   (You found it on level 3 of the Dungeon)

   It warps and distorts space around it.
   Unwielding it can cause banishment or high damage.
Missiles
 A - a throwing net (quivered)
Armour
 b - a +0 scale mail (worn)
 c - a +0 kite shield (worn)
 C - a +1 pair of boots of stealth (worn)
Jewellery
 r - a +2 ring of dexterity (left hand)
 x - a ring of wizardry (right hand)
 E - an amulet of the gourmand (around neck)
Wands
 D - a wand of polymorph (5)
Scrolls
 d - 2 scrolls of enchant armour {unknown}
 e - 2 scrolls of enchant weapon {unknown}
 h - 8 scrolls of identify {unknown}
 i - a scroll of immolation {unknown}
 m - 5 scrolls of remove curse {unknown}
 n - 2 scrolls of fear {unknown}
 o - 2 scrolls of teleportation {unknown}
 q - 3 scrolls of amnesia {unknown}
 v - a scroll of noise {unknown}
 y - a scroll of random uselessness {unknown}
 z - 3 scrolls of fog {unknown}
Potions
 g - a potion of lignification {unknown}
 j - a potion of haste {unknown}
 k - 3 potions of brilliance {unknown}
 l - a potion of ambrosia {unknown}
 p - a potion of curing {unknown}
 s - a potion of invisibility {unknown}
 t - 2 potions of stabbing {unknown}
 u - 2 potions of heal wounds {unknown}
 B - a potion of might
Comestibles
 f - 15 rations


   Skills:
 + Level 6.3 Fighting
 + Level 9.6 Long Blades
 + Level 7.4 Armour
 + Level 4.2 Dodging
 + Level 1.1 Stealth
 + Level 7.4 Shields
 + Level 0.4 Unarmed Combat
 + Level 0.3 Invocations


You had 8 spell levels left.
You didn't know any spells.
Your spell library contained the following spells:

 Spells                   Type           Power        Failure   Level  Hunger
 Corona                   Hex            #......      73%         1    ##.....
 Shock                    Conj/Air       #...         73%         1    ##.....
 Ensorcelled Hibernation  Hex/Ice        #.....       86%         2    ###....
 Swiftness                Chrm/Air       #.......     86%         2    ###....
 Confusing Touch          Hex            #.......     97%         3    ####...
 Dazzling Flash           Conj/Hex       #.....       97%         3    ####...
 Static Discharge         Conj/Air       #.......     97%         3    ####...
 Tukima's Dance           Hex            #.......     97%         3    ####...
 Airstrike                Air            #.........   100%        4    #####..
 Lightning Bolt           Conj/Air       #.........   100%        5    ######.


Dungeon Overview and Level Annotations

Branches:
Dungeon (7/15)             Temple (0/1) D:6

Altars:
Kikubaaqudgha
Okawaru
Qazlal
Ru
Wu Jian
Xom
Yredelemnul

Shops:
D:4 [   D:5 [

Portals:
Abyss: D:3


Innate Abilities, Weirdness & Mutations

You reflexively headbutt those who attack you in melee.
You have a pair of horns on your head.


Message History

The steam dragon breathes steam at you. The ball of steam hits you!
* * * LOW HITPOINT WARNING * * *
You block the phantom's attack. You block the orc's attack.
Reactivating autopickup.
You feel a bit more experienced.
The phantom is engulfed in a cloud of scalding steam. x2
The orc wizard is engulfed in a cloud of scalding steam.
The orc wizard casts a spell.
The orc wizard blinks!
The phantom is engulfed in a cloud of scalding steam.
The orc wizard gestures at you while chanting.
The magic dart hits you.
* * * LOW HITPOINT WARNING * * *
The phantom blinks!
The phantom blinks! x2
The steam dragon breathes steam at you. The ball of steam hits you!!
You die...

##..........#..# ###o......#
##.†............#####§.........
##.............#..##.§..........
##...............................
.c.................).............
((ooZ...........)D.....##........
Woo..............§.)..###........
...............(§.)...###........
................@..)...##.......^
.............(...............>...
............(....##..............
..####.<.........###.#.........##
.## ##.....#.....#............##
.# ##....##....#...........## .#
#...####....##........### .#
#...## ####..##.....<...# .#
##...## #...........###


You could see a steam dragon.

Vanquished Creatures
  Grinder (D:4)
  Menkaure (D:4)
  Edmund (D:5)
  Duvessa (D:4)
  2 sky beasts (D:7)
  A phantom (D:4)
  2 ogres
  The ghost of Beaer the Bolt Thrower, an amateur FoHu (D:3)
  A centaur (D:7)
  Blork the orc (D:5)
  A big kobold (D:7)
  A gnoll sergeant (D:5)
  A bullfrog (D:6)
  Dowan (D:4)
  3 crimson imps
  3 hounds
  A bullfrog skeleton (D:4)
  A gnoll shaman (D:4)
  4 orc priests
  Ijyb (D:5)
  2 iguanas
  2 orc wizards
  8 worker ants
  A small abomination (D:3)
  A worker ant zombie (D:7)
  10 gnolls
  11 adders
  2 shadow imps
  A white imp (D:3)
  2 oozes
  An adder zombie (D:5)
  9 worms
  2 dart slugs
  4 leopard geckos
  11 orcs
  2 ball pythons (D:1)
  9 bats
  3 giant cockroaches
  6 goblins
  7 hobgoblins
  10 jackals
  13 kobolds
  2 quokkas
  2 frilled lizards
  A leopard gecko skeleton (D:5)
  A quokka skeleton (D:5)
  A quokka zombie (D:6)
  11 rats
164 creatures vanquished.

Vanquished Creatures (others)
  An orc wizard (D:7)
  2 orcs (D:7)
3 creatures vanquished.

Grand Total: 167 creatures vanquished

Notes
Turn   | Place    | Note
-------+----------+-------------------------------------------
     0 | D:1      | Leibowitz the Minotaur Fighter began the quest for the Orb.
     0 | D:1      | Reached XP level 1. HP: 19/19 MP: 0/0
    54 | D:1      | Reached XP level 2. HP: 16/27 MP: 1/1
   633 | D:2      | Reached XP level 3. HP: 33/33 MP: 2/2
  1021 | D:2      | Reached skill level 3 in Long Blades
  1051 | D:2      | Reached XP level 4. HP: 37/40 MP: 3/3
  1362 | D:2      | Found a shimmering altar of Xom.
  1617 | D:3      | Found an ancient bone altar of Kikubaaqudgha.
  1623 | D:3      | Found an iron altar of Okawaru.
  1639 | D:3      | Found a transporter.
  1680 | D:3      | Became a worshipper of Warmaster Okawaru
  1708 | D:3      | Found a basalt altar of Yredelemnul.
  1724 | D:3      | You fall into a shaft and drop 1 floor!
  1755 | D:4      | Noticed Grinder
  1758 | D:4      | Paralysed by Grinder for 3 turns
  1764 | D:4      | Killed Grinder
  1764 | D:4      | Reached skill level 5 in Long Blades
  1764 | D:4      | Reached skill level 1 in Dodging
  1764 | D:4      | Reached skill level 5 in Shields
  1764 | D:4      | Reached XP level 5. HP: 29/47 MP: 4/4
  1764 | D:4      | Reached XP level 6. HP: 33/53 MP: 5/5
  1774 | D:4      | Noticed Menkaure
  1779 | D:4      | Killed Menkaure
  1779 | D:4      | Reached * piety under Okawaru
  1963 | D:4      | Noticed Dowan
  1972 | D:4      | Killed Dowan
  1972 | D:4      | Noticed Duvessa
  1983 | D:4      | Killed Duvessa
  1983 | D:4      | Reached skill level 5 in Fighting
  1983 | D:4      | Reached skill level 6 in Long Blades
  1983 | D:4      | Reached skill level 5 in Armour
  1983 | D:4      | Reached XP level 7. HP: 12/61 MP: 6/6
  2122 | D:4      | Reached ** piety under Okawaru
  2382 | D:4      | Reached skill level 7 in Long Blades
  2672 | D:4      | Reached XP level 8. HP: 64/69 MP: 7/7
  2779 | D:4      | Found Kios's Antique Armour Shop.
  3251 | D:3      | Found a one-way gate to the infinite horrors of the Abyss.
  3251 | D:3      | Noticed Beaer's ghost (amateur FoHu)
  3284 | D:3      | Found a transporter.
  3299 | D:3      | Found the +8 demon trident "Rift" {distort, reach+}
  3349 | D:3      | Killed Beaer's ghost
  3349 | D:3      | Reached skill level 8 in Long Blades
  3533 | D:5      | Entered Level 5 of the Dungeon
  3599 | D:5      | Noticed Blork the orc
  3624 | D:5      | Killed Blork the orc
  3624 | D:5      | Reached *** piety under Okawaru
  3886 | D:5      | Found a stormy altar of Qazlal.
  4074 | D:5      | Found Pyfaehiy's Antique Armour Emporium.
  4084 | D:5      | Bought a pair of glowing boots for 172 gold pieces
  4101 | D:5      | Noticed Ijyb
  4107 | D:5      | Killed Ijyb
  4132 | D:5      | Noticed Edmund
  4149 | D:5      | Killed Edmund
  4536 | D:6      | Found an ornate altar of the Wu Jian Council.
  4565 | D:6      | Reached skill level 9 in Long Blades
  4787 | D:6      | Found a staircase to the Ecumenical Temple.
  4934 | D:7      | Reached XP level 9. HP: 60/75 MP: 8/8
  4937 | D:7      | Reached skill level 1 in Stealth
  5192 | D:7      | Found a sacrificial altar of Ru.
  5585 | D:7      | Killed from afar by a steam dragon

Levels and vault maps discovered:
D:1:      dpeg_arrival_pond, layout_basic, minmay_statues_item,
          roderic_roman_lattice
D:2:      layout_loops_ring, grunt_ministairs_6, chequers_serial_rivers_room_a,
          tgw_xom
D:3:      layout_rooms, yredelemnul_altar_generic, grunt_temple_overflow_open,
          gammafunk_ghost_abyssal_escape
D:4:      layout_basic, lightli_sewer_entry_pipes, serial_shops,
          nicolae_shop_overgrown_old_shop, uniq_menkaure, uniq_grinder,
          uniq_duvessa
D:5:      layout_basic, serial_shops, nicolae_shop_trees, first_ration,
          grunt_qazlal_clouds, uniq_ijyb, uniq_blork_the_orc, uniq_edmund
D:6:      layout_cave_pools, kennysheep_little_box, lemuel_temple_firewalk_b
D:7:      layout_layer_cave, basic_altar

Skill      XL: |  1  2  3  4  5  6  7  8  9 |
---------------+----------------------------+-----
Fighting       | 4 5 6 |  6.3
Armour         | 4 5 7 |  7.4
Shields        | 4 5 6 7 |  7.4
Long Blades    | 3 5 6 7 9 |  9.6
Dodging        | 1 2 3 4 |  4.2
Stealth        | 1 |  1.1
Unarmed Combat | |  0.4
Invocations    | |  0.3

Action                   |  1- 3 |  4- 6 |  7- 9 || total
-------------------------+-------+-------+-------++-------
Melee: Long sword        |    89 |    92 |   330 ||   511
       Headbutt          |    11 |    16 |    74 ||   101
       Unarmed           |       |       |     3 ||     3
Invok: Heroism           |       |       |     1 ||     1
  Use: Potion            |       |     1 |       ||     1
  Eat: Chunk             |     1 |     3 |    28 ||    32
Armor: Scale mail        |    46 |    32 |   102 ||   180
Dodge: Dodged            |    29 |    19 |   110 ||   158
Block: Kite shield       |    36 |    55 |   189 ||   280
       Rpst.: Long sword |     6 |     2 |    30 ||    38

Table legend:
 A = Non-vault XP
 B = Vault XP
 C = Vault XP percentage of total XP
 D = Non-vault monster count
 E = Vault monster count
 F = Vault count percentage of total count
                 A         B        C        D         E       F
            +---------+---------+-------+---------+---------+-------
      Total |    2381 |    1227 |  34.0 |     140 |      25 |  15.2
            +---------+---------+-------+---------+---------+-------
        D:1 |      40 |       0 |   0.0 |      21 |       0 |   0.0
        D:2 |      79 |      14 |  15.1 |      22 |       7 |  24.1
        D:3 |     137 |     218 |  61.4 |      22 |       5 |  18.5
        D:4 |     581 |     704 |  54.8 |      22 |      10 |  31.2
        D:5 |     460 |     291 |  38.7 |      21 |       3 |  12.5
        D:6 |     337 |       0 |   0.0 |      12 |       0 |   0.0
        D:7 |     747 |       0 |   0.0 |      20 |       0 |   0.0
            +---------+---------+-------+---------+---------+-------
